Map: Nightshade LE

Players

Neeb

  • Race: Protoss Protoss
  • Spawn Location: 11:00

thermostaat (uThermal) - Winner!

  • Race: Terran Terran
  • Spawn Location: 5:00

Event: Cheeseadelphia XI, Cheeseadelphia XI

VOD

Have the link to the VOD?

Description

Time

  • Played on: Dec. 15, 2019, 6:25 p.m.
  • Length: 8:26

All games in this series

Show
View Real Time Build Order
Export as new Build Order

Neeb Protoss 

Build Orders: 1 Gate Expand, Dark Templar Rush 

Get SALT Encoding   

  12  0:00  Probe  
  13  0:13  Pylon  
  13  0:17  Probe  
  14  0:31  Gateway  
  14  0:33  Probe (Chrono Boost)  
  16  0:43  Probe (Chrono Boost)  
  16  0:44  Assimilator  
  16  0:48  Probe (Chrono Boost)  
  17  1:00  Probe  
  18  1:12  Probe  
  18  1:17  Cybernetics Core  
  19  1:24  Probe  
  20  1:33  Nexus  
  20  1:40  Pylon  
  20  1:44  Probe  
  21  1:53  Adept (Chrono Boost), Assimilator  
  20  1:56  Probe  
  23  2:02  Warp Gate  
  23  2:08  Probe  
  23  2:13  Adept (Chrono Boost)  
  24  2:20  Probe  
  27  2:33  Probe, Twilight Council  
  28  2:38  Adept  
  30  2:45  Probe  
  30  2:49  Probe  
  32  2:57  Probe  
  31  3:01  Probe  
  31  3:05  Gateway  
  32  3:09  Dark Shrine, Probe  
  33  3:14  Probe  
  33  3:17  Stalker  
  34  3:21  Probe (Chrono Boost)  
  34  3:25  Gateway  
  35  3:27  Probe (Chrono Boost)  
  37  3:38  Pylon  
  37  3:39  Probe x2 (Chrono Boost)  
  38  3:44  Pylon  
  38  3:45  Probe (Chrono Boost)  
  38  3:46  Probe (Chrono Boost)  
  40  3:54  Robotics Facility  
  40  3:56  Probe (Chrono Boost)  
  40  3:59  Probe (Chrono Boost)  
  40  4:02  Stalker  
  44  4:08  Probe (Chrono Boost)  
  44  4:09  Assimilator  
  46  4:11  Assimilator  
  46  4:14  Probe (Chrono Boost)  
  46  4:15  Probe (Chrono Boost)  
  47  4:22  Dark Templar  
  47  4:23  Probe x2  
  50  4:27  Pylon  
  51  4:31  Dark Templar  
  51  4:35  Probe x2  
  55  4:45  Dark Templar  
  53  4:47  Probe  
  53  4:49  Probe  
  45  4:59  Probe  
  42  5:01  Probe  
  42  5:05  Dark Templar  
  43  5:11  Probe  
  43  5:13  Zealot  
  45  5:14  Probe (Chrono Boost)  
  45  5:19  Zealot  
  48  5:23  Probe (Chrono Boost)  
  48  5:26  Probe (Chrono Boost)  
  47  5:33  Probe (Chrono Boost)  
  47  5:34  Probe (Chrono Boost), Dark Templar  
  50  5:38  Probe (Chrono Boost)  
  50  5:40  Probe  
  52  5:46  Stalker  
  52  5:50  Stalker, Probe  
  52  5:52  Probe  
  56  5:58  Warp Prism (Chrono Boost), Assimilator  
  58  6:08  Pylon  
  58  6:10  Charge  
  58  6:14  Probe  
  59  6:23  Dark Templar  
  59  6:25  Immortal (Chrono Boost)  
  65  6:33  Gateway, Zealot  
  65  6:38  Sentry  
  69  6:47  Pylon  
  69  6:55  Nexus  
  69  6:58  Templar Archives  
  69  7:06  Immortal  
  73  7:11  Probe x2  
  73  7:12  Pylon  
  75  7:25  Probe x2  
  77  7:39  High Templar, Zealot x3  
  77  7:40  Probe  
  77  7:43  Gateway  
  86  7:44  Gateway  
  86  7:46  Probe  
  87  7:54  Assimilator  
  88  7:58  Assimilator  
  88  8:00  High Templar  
  88  8:03  Zealot x2  
  93  8:12  Probe  
  84  8:15  Pylon  
  84  8:18  Archon, Zealot  
Show
View Real Time Build Order
Export as new Build Order

thermostaat Terran - Winner!

Build Orders:  

Get SALT Encoding   

  12  0:02  SCV  
  13  0:14  SCV  
  14  0:17  Supply Depot  
  14  0:26  SCV  
  15  0:39  SCV  
  15  0:40  Barracks  
  16  0:43  Refinery  
  16  0:51  SCV  
  17  1:03  SCV  
  18  1:15  SCV  
  19  1:27  Orbital Command, Marine  
  20  1:45  Command Center  
  20  1:47  Barracks Reactor  
  20  1:54  SCV  
  21  2:01  Supply Depot  
  21  2:06  SCV  
  21  2:07  Factory  
  22  2:14  Bunker  
  22  2:18  SCV  
  23  2:23  Marine x2  
  25  2:30  SCV  
  25  2:33  Refinery  
  26  2:41  Marine x2  
  26  2:42  SCV  
  29  2:52  Starport  
  29  2:55  SCV  
  29  2:56  Factory Tech Lab  
  30  2:59  Orbital Command  
  30  3:02  Marine  
  31  3:05  Marine  
  31  3:08  SCV  
  33  3:16  Cyclone  
  36  3:20  Marine  
  36  3:23  Marine  
  36  3:25  SCV  
  36  3:26  SCV  
  40  3:32  Medivac  
  42  3:35  Supply Depot  
  42  3:38  Marine  
  42  3:40  SCV  
  44  3:41  SCV, Marine  
  46  3:54  Barracks  
  46  3:57  SCV x2, Marine  
  46  3:58  Barracks  
  49  4:04  Supply Depot  
  49  4:05  Factory Tech Lab  
  49  4:09  SCV x2  
  51  4:11  Marine  
  51  4:15  Engineering Bay, Marine  
  53  4:21  SCV  
  54  4:25  SCV  
  54  4:26  Starport Reactor  
  54  4:29  Marine  
  56  4:33  Factory Tech Lab, SCV, Marine  
  58  4:47  Marine  
  58  4:48  Marauder  
  58  4:49  SCV  
  56  4:55  Marine  
  48  5:00  Marine  
  48  5:01  Missile Turret  
  44  5:08  SCV  
  44  5:10  Marauder  
  44  5:12  Marine  
  45  5:15  Medivac  
  45  5:21  SCV  
  47  5:24  Marine  
  47  5:25  Marauder  
  47  5:26  SCV  
  49  5:30  Marine  
  49  5:33  SCV  
  51  5:39  Refinery  
  51  5:41  Refinery  
  51  5:42  Stimpack  
  51  5:43  SCV, Marine  
  51  5:46  Marauder  
  51  5:48  Marine  
  51  5:49  Marine  
  55  5:52  SCV  
  56  6:00  SCV  
  56  6:04  Marine  
  57  6:05  Missile Turret  
  57  6:06  Marine  
  57  6:09  SCV  
  60  6:17  SCV, Supply Depot  
  61  6:24  Supply Depot  
  61  6:27  SCV  
  62  6:33  Combat Shield  
  62  6:38  Marine  
  62  6:39  SCV, Marine  
  65  6:41  Marine  
  65  6:42  SCV  
  67  6:49  Medivac  
  67  6:51  SCV  
  67  6:52  Medivac  
  67  6:53  Marine  
  73  7:00  Supply Depot  
  73  7:03  SCV  
  73  7:04  SCV  
  73  7:05  Marine  
  76  7:11  Marine  
  78  7:15  SCV  
  78  7:20  SCV  
  78  7:22  Marauder, Concussive Shells  
  80  7:24  Marauder, Marine  
  80  7:29  Medivac  
  85  7:35  SCV  
  85  7:36  Supply Depot  
  86  7:39  Supply Depot  
  86  7:46  Supply Depot  
  86  7:49  Factory Reactor  
  86  7:58  SCV x2, Marauder, Marine x3  
  93  7:59  Supply Depot  
  93  8:10  SCV x2  
Tags
 
Add a new tag
Caveats
  • Supply blocks, unpowered buildings, or Contaminate may cause inaccurate times.
  • Supply counts are checked every 10 seconds.